 Dungeon Crawl Stone Soup version 0.32-a0-361-g289a535e89 (webtiles) character file.

Game seed: 1552760427767859249

49883 Zonian the Thaumaturge (level 14, -6/73 HPs)
             Began as a Felid Summoner on Feb 17, 2024.
             Was an Elder of Kikubaaqudgha.
             Mangled by a meliai
             ... wielding a +0 hand axe
              (10 damage)
             ... on level 5 of the Lair of Beasts on Feb 18, 2024.
             The game lasted 02:12:37 (31850 turns).

Zonian the Thaumaturge (Felid Summoner)            Turns: 31850, Time: 02:12:38

Health: -6/73      AC:  3    Str:  4    XL:     14   Next: 17%
Magic:  30/49      EV: 23    Int: 24    God:    Kikubaaqudgha [****..]
Gold:   354        SH:  0    Dex: 17    Spells: 10/37 levels left
                                        Lives:  0   Deaths: 5

rFire   . . .        (weapon unavailable)
rCold   + . .        (shield unavailable)
rNeg    . . .        (body armour unavailable)
rPois   .            (helmet unavailable)
rElec   .            (cloak unavailable)
rCorr   .            (gloves unavailable)
SInv    +            (boots unavailable)
Will    ++...        c - amulet of the acrobat
Stlth   +++++        n - ring of magical power
HPRegen 0.32/turn    g - ring of magical power
MPRegen 0.31/turn

%: acrobat
@: lethally poisoned (-6 -> -11), unable to call your familiar
A: very small, claws 1, fangs 3, see invisible, shaggy fur 3, stealthy paws, no
weapons or thrown items, no armour, multi-lived
a: Renounce Religion, Unearth Wretches


You were on level 5 of the Lair of Beasts.
You worshipped Kikubaaqudgha.
Kikubaaqudgha was greatly pleased with you.
You visited 3 branches of the dungeon, and saw 17 of its levels.

You collected 774 gold pieces.
You spent 420 gold pieces at shops.


Innate Abilities, Weirdness & Mutations

You have sharp claws.
You have razor-sharp teeth.
You have supernaturally acute eyesight. (SInv)
Your thick and shaggy fur keeps you warm. (AC +3, rC+)
Your paws help you pounce on unaware monsters.
You are incapable of wielding weapons or throwing items.
You cannot wear armour.
You gain extra lives every three experience levels.


   Skills:
 + Level 8.1 Fighting
 - Level 9.2 Dodging
 - Level 10.0 Stealth
 + Level 12.1 Spellcasting
 + Level 6.6 Hexes
 - Level 11.0 Summonings
 + Level 8.3 Necromancy
 - Level 5.8 Fire Magic
 - Level 6.3 Air Magic
 - Level 6.4 Evocations


You had 10 spell levels left.
You knew the following spells:

 Your Spells              Type           Power      Damage    Failure   Level
a - Summon Small Mammal   Summ           100%       N/A       1%          1
b - Call Imp              Summ           100%       N/A       1%          2
c - Call Canine Familiar  Summ           61%        N/A       1%          3
d - Summon Blazeheart Go  Fire/Summ      53%        N/A       1%          4
e - Summon Lightning Spi  Summ/Air       54%        N/A       1%          4
f - Vampiric Draining     Necr           53%        2d9       1%          3
g - Anguish               Hex/Necr       25%        N/A       1%          4
h - Searing Ray           Conj           28%        2d5       6%          2
i - Martyr's Knell        Necr/Summ      57%        N/A       1%          4

Your spell library contained the following spells:

 Spells                   Type           Power      Damage    Failure   Level
 Kiss of Death            Conj/Necr      100%       2d13      1%          1
 Necrotise                Necr           100%       1d9       1%          1
 Cigotuvi's Dreadful Rot  Necr/Alch/Air  76%        N/A       1%          2
 Confusing Touch          Hex            46%        N/A       1%          3
 Fugue of the Fallen      Necr           53%        N/A       1%          3
 Tukima's Dance           Hex            46%        N/A       1%          3
 Dispel Undead            Necr           53%        3d19      1%          4
 Curse of Agony           Necr           53%        N/A       3%          5
 Magic Dart               Conj           56%        1d5       4%          1
 Frozen Ramparts          Ice            28%        1d5       13%         3
 Death Channel            Necr           26%        N/A       22%         6
 Metabolic Englaciation   Hex/Ice        15%        N/A       30%         5
 Yara's Violent Unravell  Hex/Alch       15%        3d8       30%         5
 Fulminant Prism          Conj/Alch      7%         3d7       38%         4
 Leda's Liquefaction      Alch/Erth      7%         N/A       38%         4
 Passage of Golubria      Tloc           14%        N/A       38%         4
 Petrify                  Alch/Erth      14%        N/A       38%         4

Inventory:

Jewellery
 c - an amulet of the acrobat (around neck)
   (You bought it in a shop on level 11 of the Dungeon)
 d - a ring of positive energy
   (You found it on level 2 of the Dungeon)
 g - a ring of magical power (right paw)
   (You found it on level 3 of the Lair of Beasts)
 m - a ring of willpower
   (You found it on level 6 of the Dungeon)
 n - a ring of magical power (left paw)
   (You found it on level 7 of the Dungeon)
 u - a ring of poison resistance
   (You found it on level 10 of the Dungeon)
 v - a ring of flight
   (You found it on level 11 of the Dungeon)
 w - a ring of protection from cold
   (You found it on level 11 of the Dungeon)
Talismans
 t - a flux talisman
   (You found it on level 10 of the Dungeon)
Wands
 h - a wand of digging (7)
   (You found it on level 7 of the Dungeon)
 s - a wand of paralysis (18)
   (You took it off Psyche on level 8 of the Dungeon)
 y - a wand of iceblast (8)
   (You found it on level 1 of the Lair of Beasts)
Scrolls
 e - 2 scrolls of revelation
 p - a scroll of immolation {!r!r}
 x - 3 scrolls of vulnerability {!r!r}
 C - a scroll of blinking {!r}
Potions
 a - 3 potions of magic
 b - 2 potions of might
 f - 3 potions of lignification {!q}
 i - a potion of brilliance
 j - 2 potions of attraction {!q}
 k - a potion of resistance
 o - a potion of invisibility
 q - 2 potions of mutation {!q}
 A - a potion of enlightenment

Dungeon Overview and Level Annotations

Branches:
Dungeon (11/15) Zot: 25910  Temple (1/1) D:7 Zot: 5937    Lair (5/5) D:10 Zot: 24031
  Swamp (0/4) Lair:3        Snake (0/4) Lair:3        Slime (0/5) Lair:4
    Orc: D:9-12

Altars:
Ashenzari
Cheibriados
Dithmenos
Elyvilon
Fedhas
Gozag
Hepliaklqana
Kikubaaqudgha
Makhleb
Nemelex Xobeh
Okawaru
Qazlal
Ru
Sif Muna
Trog
Uskayaw
Vehumet
Wu Jian
Xom
Yredelemnul
Zin
The Shining One
Jiyva

Shops:
D:6 :   D:11 =

Annotations:
D:5 Eustachio

.....## .ß......###
......ß....#######
....ß.........#...#######
.........ß.........##...##
..ß...§§.§§§.......##....#
......§..§yy......P##P..##
......P#§§y@§.P.........P#
#...§§§§yy#P..........##
#...§§§y§y......#.....##
#...§§§§§.###....##....##
####y§§§§.##....###...#.#
#y##.§§.#......#....##
..... !y.
#.§§##....##....## .Y...
.†y#. #.....#...#######
...# .!!y##
.....#.....##.#.


You could see 2 meliai and 5 killer bees.


Message History

Press: ? - help, Dir - move target, f - meliai
Aim: a meliai, wielding a +0 hand axe and wearing a +0 robe (grey smoke, heavily wounded) Attack!
Something stings your lightning spire but does no damage. x2 😱 HP[+1] Unknown command.
Casting: Vampiric Draining (safe; 1% risk of failure)
Confirm with . or Enter, or press ? or * to list all spells.
Aiming: Vampiric Draining (safe; 1% risk of failure)
Press: ? - help, Shift-Dir - straight line, f/p - meliai
Aim: a meliai, wielding a +0 hand axe and wearing a +0 robe (moderately wounded, ally target)
You draw life force from the meliai.
You feel life coursing into your body.
Something barely misses your lightning spire.
The meliai completely misses you. The meliai stings you!
* * * LOW HITPOINT WARNING * * *
You are lethally poisoned!
The meliai poisons you! Something stings your lightning spire.
The meliai misses you.
The meliai barely misses you. 😱 HP[-9] MP[-2]
You take 9 damage, and now have 5/73 hp.
You lost 2 mp, and now have 38/49 mp.
You feel much better.
You feel very sick.
Your lightning spire disappears in a puff of smoke!
The meliai calls down the wrath of its god upon you.
Something smites you!
* * * LOW HITPOINT WARNING * * *
The killer bee misses you.
The meliai calls down the wrath of its god upon you.
Something smites you!
* * * LOW HITPOINT WARNING * * *
The killer bee misses you. 😱 HP[-3]
You take 3 damage, and now have 2/73 hp.
You feel much better.
You feel very sick.
The killer bee misses you. x2; The meliai completely misses you.
The meliai barely misses you. The killer bee closely misses you.
The killer bee misses you.
The meliai mumbles some strange prayers to its god against you.
Something smites you!
* * * LOW HITPOINT WARNING * * *
😱 HP[+4]
You regained 4 hp, and now have 6/73 hp.
Okay, then.
Okay, then.
Okay, then.
Casting: Vampiric Draining (safe; 1% risk of failure)
Confirm with . or Enter, or press ? or * to list all spells.
Okay, then.
Casting: Vampiric Draining (safe; 1% risk of failure)
Confirm with . or Enter, or press ? or * to list all spells.
Aiming: Vampiric Draining (safe; 1% risk of failure)
Press: ? - help, Shift-Dir - straight line, f - killer bee, p - meliai
Aim: a killer bee (grey smoke)
You draw life force from the killer bee!
You feel life coursing into your body.
You feel sick.
The meliai calls upon its god to heal the meliai.
The meliai is healed somewhat.
The killer bee barely misses you. The meliai completely misses you.
The meliai stings you but does no damage.
The killer bee completely misses you. The meliai barely misses you.
The meliai closely misses you. The killer bee stings you.
* * * LOW HITPOINT WARNING * * *
The killer bee completely misses you. x2 😱 HP[-1] MP[-2]
You take 1 damage, and now have 5/73 hp.
You lost 2 mp, and now have 36/49 mp.
Casting: Vampiric Draining (safe; 1% risk of failure)
Confirm with . or Enter, or press ? or * to list all spells.
Aiming: Vampiric Draining (safe; 1% risk of failure)
Press: ? - help, Shift-Dir - straight line, f/p - killer bee
Aim: a killer bee (grey smoke, severely wounded)
You draw life force from the killer bee!
You kill the killer bee!
Kikubaaqudgha accepts your kill.
You feel life coursing into your body.
* * * LOW HITPOINT WARNING * * *
You feel sick. The killer bee completely misses you. The killer bee stings you.
* * * LOW HITPOINT WARNING * * *
The meliai misses you. The meliai closely misses you.
The meliai calls upon its god to heal the meliai.
The meliai's wounds heal themselves!
The killer bee completely misses you. The killer bee barely misses you.
The killer bee closely misses you.
The killer bee misses you. 😱 HP[-4] MP[-3]
You take 4 damage, and now have 1/73 hp.
You lost 3 mp, and now have 33/49 mp.
Casting: Vampiric Draining (safe; 1% risk of failure)
Confirm with . or Enter, or press ? or * to list all spells.
Aiming: Vampiric Draining (safe; 1% risk of failure)
Press: ? - help, Shift-Dir - straight line, f - killer bee
Aim: a killer bee (grey smoke)
You draw life force from the killer bee!
You feel life coursing into your body.
* * * LOW HITPOINT WARNING * * *
You feel sick. The killer bee completely misses you.
The meliai hits you with a +0 hand axe!
You die...
Kikubaaqudgha rasps: You have failed me!
Welcome... death!

Skill      XL: |  1  2  3  4  5  6  7  8  9 10 11 12 13 14 |
---------------+-------------------------------------------+-----
Spellcasting   | 3 4 5 6 7 8 9 10 11 12 | 12.1
Summonings     | 5 6 7 8 9 11 | 11.0
Fire Magic     | 3 5 |  5.8
Air Magic      | 1 4 5 6 |  6.3
Necromancy     | 2 4 6 7 8 |  8.3
Dodging        | 3 5 8 9 |  9.2
Stealth        | 3 6 8 10 | 10.0
Evocations     | 1 4 5 6 |  6.4
Fighting       | 3 5 7 8 |  8.1
Hexes          | 5 6 |  6.6

Action                     |  1- 3 |  4- 6 |  7- 9 | 10-12 | 13-15 || total
---------------------------+-------+-------+-------+-------+-------++-------
  Melee: Unarmed           |    59 |    29 |    37 |    94 |    57 ||   276
         Bite              |     7 |       |     2 |    12 |     6 ||    27
         Punch             |       |       |     1 |     1 |     1 ||     3
   Cast: Summon Small Mamm |    22 |    99 |    65 |    23 |     4 ||   213
         Call Imp          |     9 |    34 |    46 |    13 |     1 ||   103
         Call Canine Famil |       |     3 |    65 |    89 |    67 ||   224
         Summon Blazeheart |       |       |     5 |    48 |    44 ||    97
         Summon Lightning  |       |       |       |    53 |    44 ||    97
         Vampiric Draining |       |       |       |     7 |    62 ||    69
         Searing Ray       |       |       |       |       |     7 ||     7
         Martyr's Knell    |       |       |       |       |     1 ||     1
  Evoke: Wand              |       |       |       |    23 |     9 ||    32
    Use: Scroll            |     3 |     7 |     9 |     8 |     5 ||    32
         Potion            |       |     1 |     1 |     3 |     3 ||     8
   Stab: Sleeping          |     3 |       |     1 |     1 |     2 ||     7
         Distracted        |       |     1 |     4 |       |       ||     5
 Armour: Skin              |    23 |    30 |    53 |    89 |   105 ||   300
  Dodge: Dodged            |    70 |    57 |    71 |   182 |   284 ||   664

Levels and vault maps discovered:
D:1:      noname_arrival_rooms_in_the_neighbourhood, layout_basic
D:2:      layout_basic, serial_bayou_lagoon_a, minmay_heptomino_d4
D:3:      minmay_bubble_buster, layout_loops_ring,
          mainiacjoe_overflow_concentric_impassable,
          mainiacjoe_overflow_boulevard, shapermc_ecumenical_altar_pompeii,
          chequers_mini_garden
D:4:      layout_basic, overflow_temple_1_default, roderic_lattice_a,
          uniq_sigmund
D:5:      layout_loops_ring, kennysheep_decorative_pillar, uniq_grinder,
          uniq_eustachio
D:6:      minmay_skewed_foursquare, layout_basic,
          serial_library_regret_index_double_sided,
          nicolae_shop_i_like_big_books, uniq_duvessa
D:7:      layout_cave_pools, temple_hall, sigmund_army, uniq_maggie
D:8:      layout_basic, uniq_psyche
D:9:      layout_roguey, mainiacjoe_overflow_cross_hatched
D:10:     layout_loops_cross, grunt_lair_entry_orc_guard_hut, uniq_erolcha
D:11:     layout_big_octagon, serial_demonic, serial_demonic_b,
          serial_demonic_a, serial_demonic_a, serial_demonic_d, serial_shops,
          shop, skrybe_limestone_x, hangedman_weighted_door, billiards_dpeg
Temple:   dpeg_five_rooms_temple
Lair:1:   layout_long_grid, minmay_holes, columned_hall_lemuel,
          grunt_megastairs_5
Lair:2:   layout_big_grid, infiniplex_staircase_pool, serial_bayou_shore_a,
          grunt_megastairs_1
Lair:3:   dreamdust_cave_troll, layout_cave_pods, minmay_swamp_entry_wisps,
          alex1729_snake_entry_snake, basic_altar, grunt_megastairs_2,
          uniq_nergalle, uniq_urug
Lair:4:   layout_loops_ring, slime_entry_1, beast_lair_carwin_9,
          lemuel_fruit_tree
Lair:5:   evilmike_catoblepas_cave, layout_concentric_octagons, special_room
          [special_room_bee]

Notes
Turn   | Place    | Note
-------+----------+-------------------------------------------
     0 | D:1      | Zonian the Felid Summoner began the quest for the Orb.
     0 | D:1      | Reached XP level 1. HP: 9/9 MP: 4/4
     0 | D:1      | magus.rc [v1.9.6]
    70 | D:1      | Reached XP level 2. HP: 13/13 MP: 6/6
   354 | D:1      | Learned a level 2 spell: Call Imp
  1108 | D:1      | Reached XP level 3. HP: 11/16 MP: 4/8
  1152 | D:1      | Learned a level 3 spell: Call Canine Familiar
  1621 | D:2      | Reached skill level 3 in Spellcasting
  1909 | D:2      | You add the spells Tukima's Dance, Passage of Golubria and
                  | Yara's Violent Unravelling to your library.
  2232 | D:3      | Reached XP level 4. HP: 15/21 MP: 6/9
  2232 | D:3      | Gained a life (2 lives remaining)
  2365 | D:3      | Found an ornate altar of the Wu Jian Council.
  2795 | D:3      | Reached skill level 5 in Summonings
  3039 | D:3      | Found a basalt altar of Yredelemnul.
  3656 | D:3      | Reached XP level 5. HP: 24/24 MP: 5/11
  4049 | D:3      | Reached skill level 4 in Spellcasting
  4574 | D:3      | Found a faded altar of an unknown god.
  4727 | D:4      | Noticed Sigmund
  4943 | D:4      | You pick up a book of Conjurations {@e2} and begin
                  | reading...
  4943 | D:4      | You add the spells Magic Dart, Searing Ray and Fulminant
                  | Prism to your library.
  5301 | D:4      | Noticed a phantom
  5602 | D:4      | Gained mutation: You are covered in thick fur. (AC +2)
                  | [Felid growth]
  5602 | D:4      | Reached XP level 6. HP: 12/28 MP: 9/13
  5854 | D:4      | Found a hazy altar of Hepliaklqana.
  6010 | D:4      | HP: 7/28 [black bear (3)]
  6013 | D:4      | Reached skill level 6 in Summonings
  6192 | D:4      | Reached skill level 5 in Spellcasting
  6342 | D:4      | Reached XP level 7. HP: 32/32 MP: 8/15
  6807 | D:5      | Entered Level 5 of the Dungeon
  7044 | D:5      | Noticed Eustachio
  7265 | D:5      | Reached skill level 7 in Summonings
  7420 | D:5      | Noticed Grinder
  7422 | D:5      | Paralysed by Grinder for 2 turns
  7435 | D:5      | Killed Grinder
  7436 | D:5      | Reached skill level 6 in Spellcasting
  7441 | D:5      | Learned a level 4 spell: Summon Blazeheart Golem
  7511 | D:5      | HP: 7/32 [sky beast (5)]
  7513 | D:5      | Reached XP level 8. HP: 36/36 MP: 11/18
  7563 | D:5      | Reached skill level 1 in Fire Magic
  7928 | D:4      | Killed Sigmund
  7929 | D:4      | Reached skill level 8 in Summonings
  8113 | D:5      | Reached skill level 2 in Fire Magic
  8826 | D:5      | Reached skill level 7 in Spellcasting
  9252 | D:6      | Reached skill level 3 in Fire Magic
  9623 | D:6      | Reached XP level 9. HP: 39/39 MP: 7/21
  9897 | D:6      | Noticed Dowan
 10024 | D:6      | Noticed Duvessa
 10027 | D:6      | Killed Dowan
 10668 | D:6      | Reached skill level 9 in Summonings
 10668 | D:6      | Reached skill level 4 in Fire Magic
 11117 | D:6      | Noticed a two-headed ogre
 11123 | D:6      | Slain by a two-headed ogre
 11123 | D:6      | Lost a life (1 life remaining)
 11416 | D:6      | Killed a two-headed ogre
 11417 | D:6      | Reached skill level 8 in Spellcasting
 11535 | D:6      | Killed Duvessa
 11536 | D:6      | Reached skill level 5 in Fire Magic
 12085 | D:6      | Found Kenipp's Tremendous Tomes.
 12146 | D:6      | Learned a level 4 spell: Summon Lightning Spire
 12253 | D:7      | Reached skill level 1 in Air Magic
 12880 | D:7      | Reached XP level 10. HP: 19/44 MP: 23/23
 12880 | D:7      | Gained a life (2 lives remaining)
 13057 | D:7      | Reached skill level 10 in Summonings
 13253 | D:7      | Noticed Maggie
 13272 | D:7      | Killed Maggie
 13434 | D:7      | Found a staircase to the Ecumenical Temple.
 13439 | D:7      | Reached skill level 2 in Air Magic
 13452 | Temple   | Entered the Ecumenical Temple
 13485 | Temple   | Became a worshipper of Kikubaaqudgha
 13917 | D:7      | magus.rc [v1.9.6]
 14183 | D:8      | Noticed a two-headed ogre
 14191 | D:8      | Killed a two-headed ogre
 14192 | D:8      | Reached skill level 9 in Spellcasting
 14192 | D:8      | Reached skill level 3 in Air Magic
 14242 | D:8      | Noticed Psyche
 14257 | D:8      | Killed Psyche
 14355 | D:8      | Noticed a two-headed ogre
 14363 | D:8      | Killed a two-headed ogre
 15026 | D:9      | Reached * piety under Kikubaaqudgha
 15026 | D:9      | You add the spells Necrotise, Cigotuvi's Dreadful Rot,
                  | Fugue of the Fallen and Vampiric Draining to your library.
 15026 | D:9      | Received a gift from Kikubaaqudgha
 15027 | D:9      | Reached skill level 4 in Air Magic
 15142 | D:9      | Found a sacrificial altar of Ru.
 15375 | D:9      | Reached skill level 1 in Necromancy
 15396 | D:9      | Reached skill level 11 in Summonings
 15396 | D:9      | Reached skill level 2 in Necromancy
 15636 | D:10     | Entered Level 10 of the Dungeon
 15863 | D:10     | Noticed a two-headed ogre
 15947 | D:10     | Noticed a two-headed ogre
 15975 | D:10     | Killed a two-headed ogre
 15976 | D:10     | Reached skill level 3 in Dodging
 15976 | D:10     | Reached skill level 3 in Stealth
 15976 | D:10     | Reached skill level 1 in Evocations
 15976 | D:10     | Reached XP level 11. HP: 48/48 MP: 25/25
 16164 | D:10     | You pick up a book of Sloth and begin reading...
 16164 | D:10     | You add the spells Frozen Ramparts, Leda's Liquefaction,
                  | Petrify and Metabolic Englaciation to your library.
 16214 | D:10     | Reached skill level 1 in Fighting
 16427 | D:10     | Killed a two-headed ogre
 16428 | D:10     | Reached skill level 2 in Fighting
 16428 | D:10     | Reached skill level 4 in Dodging
 16428 | D:10     | Reached skill level 4 in Stealth
 16428 | D:10     | Reached skill level 3 in Necromancy
 16428 | D:10     | Reached skill level 5 in Air Magic
 16428 | D:10     | Reached skill level 2 in Evocations
 16851 | D:10     | Reached skill level 10 in Spellcasting
 17029 | D:10     | Found a staircase to the Lair.
 17177 | D:10     | Noticed Erolcha
 17191 | D:10     | Killed Erolcha
 17493 | D:11     | Noticed a two-headed ogre
 17515 | D:11     | Reached skill level 5 in Stealth
 17519 | D:11     | HP: 9/51 [acid dragon/splash of acid (14)]
 17520 | D:11     | Slain by a killer bee
 17520 | D:11     | Lost a life (1 life remaining)
 17537 | D:11     | Reached skill level 3 in Evocations
 17556 | D:11     | HP: 12/51 [two-headed ogre/+0 giant club (26)]
 17556 | D:11     | Killed from afar by an acid dragon
 17556 | D:11     | Lost a life (0 lives remaining)
 17621 | D:11     | Killed a two-headed ogre
 17622 | D:11     | Reached skill level 3 in Fighting
 17622 | D:11     | Reached skill level 5 in Dodging
 17645 | D:11     | HP: 2/52 [acid dragon/splash of acid (25)]
 17650 | D:11     | Reached ** piety under Kikubaaqudgha
 17763 | D:11     | Found Ilasioth's Jewellery Shoppe.
 17926 | D:11     | Reached skill level 4 in Necromancy
 17962 | D:11     | Upgraded the game from 0.32-a0-329-ge6c31236d6 to
                  | 0.32-a0-350-g4f4d228785
 17962 | D:11     | magus.rc [v1.9.6]
 18293 | D:10     | Learned a level 3 spell: Vampiric Draining
 18294 | Lair:1   | Entered Level 1 of the Lair of Beasts
 18309 | Lair:1   | Reached skill level 6 in Stealth
 18368 | Lair:1   | Reached skill level 4 in Evocations
 18530 | Lair:1   | Gained mutation: Your thick and shaggy fur keeps you warm.
                  | (AC +3, rC+) [Felid growth]
 18530 | Lair:1   | Reached XP level 12. HP: 56/58 MP: 11/27
 18530 | Lair:1   | Gained a life (1 life remaining)
 19026 | Lair:1   | Reached skill level 6 in Dodging
 19030 | Lair:1   | Reached skill level 4 in Fighting
 19125 | Lair:1   | Reached skill level 6 in Air Magic
 19513 | Lair:1   | Reached skill level 7 in Stealth
 19534 | Lair:1   | Reached skill level 5 in Necromancy
 19867 | Lair:1   | Reached skill level 5 in Evocations
 20366 | Lair:1   | Reached skill level 7 in Dodging
 20892 | Lair:2   | HP: 8/59 [cane toad (20)]
 21201 | Lair:2   | Reached skill level 5 in Fighting
 21512 | Lair:2   | Reached skill level 8 in Stealth
 22215 | Lair:2   | HP: 11/60 [wyvern (17)]
 22232 | Lair:2   | Reached *** piety under Kikubaaqudgha
 22232 | Lair:2   | You add the spells Anguish, Dispel Undead, Curse of Agony
                  | and Death Channel to your library.
 22232 | Lair:2   | Received a gift from Kikubaaqudgha
 23630 | Lair:2   | magus.rc [v1.9.6]
 23726 | Lair:3   | Reached skill level 8 in Dodging
 23726 | Lair:3   | Reached skill level 11 in Spellcasting
 23730 | Lair:3   | Reached skill level 6 in Necromancy
 23742 | Lair:3   | Noticed Nergalle
 23744 | Lair:3   | Noticed a four-headed hydra
 23749 | Lair:2   | HP: 7/60 [blink frog (18)]
 23975 | Lair:3   | HP: 5/60 [blink frog (16)]
 23980 | Lair:3   | Reached XP level 13. HP: 13/65 MP: 17/29
 23980 | Lair:3   | Gained a life (2 lives remaining)
 24445 | Lair:3   | Noticed Urug
 24777 | Lair:3   | Reached skill level 9 in Stealth
 24786 | Lair:3   | Reached skill level 6 in Fighting
 24991 | Lair:3   | Killed Nergalle
 25553 | Lair:3   | Found a radiant altar of Vehumet.
 25588 | Lair:3   | Killed Urug
 25589 | Lair:3   | Reached skill level 6 in Evocations
 25923 | Lair:3   | HP: 1/65 [will-o-the-wisp/foxfire (29)]
 25923 | Lair:3   | Killed from afar by a will-o-the-wisp
 25923 | Lair:3   | Lost a life (1 life remaining)
 26063 | Lair:3   | Found a staircase to the Swamp.
 26225 | Lair:3   | Reached skill level 9 in Dodging
 26536 | Lair:3   | You pick up a book of Touch and begin reading...
 26536 | Lair:3   | You add the spells Kiss of Death and Confusing Touch to
                  | your library.
 26542 | Lair:3   | Learned a level 4 spell: Anguish
 26545 | Lair:3   | Learned a level 2 spell: Searing Ray
 26706 | Lair:3   | HP: 13/65 [poisoned by a cane toad]
 26707 | Lair:3   | HP: 3/65 [poisoned by a cane toad]
 26708 | Lair:3   | Succumbed to a cane toad's poison
 26708 | Lair:3   | Lost a life (0 lives remaining)
 26763 | Lair:3   | HP: 13/65 [will-o-the-wisp/foxfire (23)]
 27265 | Lair:3   | Reached skill level 1 in Hexes
 27401 | Lair:3   | Found a staircase to the Snake Pit.
 27781 | Lair:4   | HP: 16/65 [four-headed hydra (9)]
 28130 | D:11     | Bought an amulet of the acrobat for 420 gold pieces
 28222 | D:11     | Reached skill level 2 in Hexes
 28248 | D:10     | Reached **** piety under Kikubaaqudgha
 28460 | Lair:4   | You pick up a book of Decay and begin reading...
 28472 | Lair:4   | Learned a level 4 spell: Martyr's Knell
 28627 | Lair:4   | Upgraded the game from 0.32-a0-350-g4f4d228785 to
                  | 0.32-a0-361-g289a535e89
 28627 | Lair:4   | magus.rc [v1.9.6]
 28636 | Lair:4   | Reached skill level 10 in Stealth
 28636 | Lair:4   | Reached skill level 7 in Necromancy
 28839 | Lair:4   | Found a viscous altar of Jiyva.
 28846 | Lair:4   | Found a staircase to the Slime Pits.
 28883 | Lair:4   | You fall into a shaft and drop 1 floor!
 28883 | Lair:5   | Entered Level 5 of the Lair of Beasts
 28909 | Lair:5   | Reached skill level 3 in Hexes
 29019 | Lair:5   | Reached skill level 7 in Fighting
 29042 | Lair:5   | Reached skill level 4 in Hexes
 29272 | Lair:5   | Reached skill level 5 in Hexes
 29722 | Lair:5   | Reached XP level 14. HP: 72/72 MP: 30/30
 29729 | Lair:5   | Reached skill level 8 in Necromancy
 29880 | Lair:5   | Reached skill level 12 in Spellcasting
 30650 | Lair:4   | Reached skill level 6 in Hexes
 30902 | Lair:4   | Reached skill level 8 in Fighting
 31838 | Lair:5   | HP: 16/73 [meliai/+0 broad axe (23)]
 31845 | Lair:5   | HP: 5/73 [meliai/+0 hand axe (10)]
 31846 | Lair:5   | HP: 2/73 [meliai/divine providence (17)]
 31850 | Lair:5   | Mangled by a meliai

Vanquished Creatures
  2 hydras
  3 two-headed ogres
  Urug (Lair:3)
  Nergalle (Lair:3)
  A skyshark (Lair:5)
  A deep troll (Lair:3)
  A cyclops (D:11)
  A manticore (D:11)
  7 elephants
  A meliai (Lair:5)
  2 black mambas
  3 cane toads
  4 komodo dragons
  An ice devil (D:11)
  A queen bee (Lair:5)
  A polar bear (Lair:2)
  14 blink frogs
  4 dream sheep (Lair:4)
  12 yaks
  A wyvern (Lair:2)
  2 vampire mosquitoes (D:10)
  A naga (Lair:3)
  3 water moccasins
  Duvessa (D:6)
  An orc warrior (D:8)
  4 wolves
  A phantom (D:5)
  4 bullfrogs
  2 wights (D:7)
  3 killer bees
  An electric eel (Lair:2)
  An orc wizard (D:8)
  An ufetubus (D:7)
  A dart slug (D:1)
  An orc (D:5)
  3 endoplasms
  2 goblins
  A hobgoblin (D:3)
  A jackal (D:2)
  2 kobolds
  A quokka (D:2)
  A bat (D:1)
  A frilled lizard (D:2)
  3 rats
104 creatures vanquished.

Vanquished Creatures (collateral kills)
  Erolcha (D:10)
  2 hydras (Lair:4)
  3 two-headed ogres
  A will-o-the-wisp (Lair:3)
  A salamander (Lair:3)
  2 black mambas
  A rust devil (D:11)
  8 elephants
  8 cane toads
  Maggie (D:7)
  4 komodo dragons
  2 rime drakes (Lair:2)
  An ice devil (D:11)
  Psyche (D:8)
  2 trolls
  A red devil (D:11)
  A polar bear (Lair:2)
  Grinder (D:5)
  25 blink frogs
  2 dream sheep (Lair:4)
  Sigmund (D:4)
  A wraith (D:10)
  5 wyverns
  4 basilisks
  30 yaks
  A vampire mosquito (D:10)
  A neqoxec (D:11)
  A chaos spawn (D:11)
  2 nagas (Lair:3)
  2 acid dragons
  12 water moccasins
  An orc warrior (D:8)
  An ice beast (D:6)
  6 black bears
  An ogre (D:4)
  2 sky beasts
  3 centaurs
  4 wolves (Lair:3)
  2 phantoms
  A gnoll sergeant (D:6)
  A kobold brigand (D:7)
  14 bullfrogs
  3 scorpions
  Dowan (D:6)
  3 wights (D:7)
  10 killer bees
  An electric eel (Lair:2)
  A bombardier beetle (D:5)
  3 jellies
  4 quasits
  3 orc priests
  A gnoll bouda (D:5)
  5 hounds
  4 sleepcaps
  5 iguanas
  3 orc wizards
  14 gnolls
  11 adders
  A shadow imp (D:6)
  A white imp (D:7)
  An ufetubus (D:7)
  2 dart slugs
  3 ribbon worms (D:3)
  26 orcs
  3 ball pythons
  5 bats
  4 endoplasms
  A giant cockroach (D:3)
  5 goblins
  2 hobgoblins
  2 jackals (D:2)
  3 quokkas
  2 frilled lizards
  8 kobolds
305 creatures vanquished.

Vanquished Creatures (others)
  51 blazeheart cores
  16 foxfires (Lair:3)
67 creatures vanquished.

Grand Total: 476 creatures vanquished

Table legend:
 A = Non-vault XP
 B = Vault XP
 C = Vault XP percentage of total XP
 D = Non-vault monster count
 E = Vault monster count
 F = Vault count percentage of total count
                 A         B        C        D         E       F
            +---------+---------+-------+---------+---------+-------
      Total |   55404 |   15858 |  22.3 |     328 |      81 |  19.8
            +---------+---------+-------+---------+---------+-------
        D:1 |      44 |       0 |   0.0 |      16 |       0 |   0.0
        D:2 |      47 |      17 |  26.6 |       9 |       2 |  18.2
        D:3 |      90 |     116 |  56.3 |      16 |      15 |  48.4
        D:4 |     545 |     232 |  29.9 |      13 |       1 |   7.1
        D:5 |     923 |     273 |  22.8 |      30 |       1 |   3.2
        D:6 |    2101 |     392 |  15.7 |      20 |       5 |  20.0
        D:7 |    1045 |     417 |  28.5 |      29 |       3 |   9.4
        D:8 |    2238 |     333 |  13.0 |      14 |       1 |   6.7
        D:9 |    1552 |       0 |   0.0 |      11 |       0 |   0.0
       D:10 |    4430 |    1707 |  27.8 |      16 |       7 |  30.4
       D:11 |    3431 |    1877 |  35.4 |      13 |       9 |  40.9
     Lair:1 |    7312 |    1534 |  17.3 |      33 |       6 |  15.4
     Lair:2 |    5226 |    1039 |  16.6 |      25 |       4 |  13.8
     Lair:3 |    9072 |    4978 |  35.4 |      36 |      14 |  28.0
     Lair:4 |    3632 |    1788 |  33.0 |      11 |       5 |  31.2
     Lair:5 |   13716 |    1155 |   7.8 |      36 |       8 |  18.2
            +---------+---------+-------+---------+---------+-------

Skill      XL: |  1  2  3  4  5  6  7  8  9 10 11 12 13 14 |
---------------+-------------------------------------------+-----
Spellcasting   | 3 4 5 6 7 8 9 10 11 12 | 12.1
Summonings     | 5 6 7 8 9 11 | 11.0
Fire Magic     | 3 5 |  5.8
Air Magic      | 1 4 5 6 |  6.3
Necromancy     | 2 4 6 7 8 |  8.3
Dodging        | 3 5 8 9 |  9.2
Stealth        | 3 6 8 10 | 10.0
Evocations     | 1 4 5 6 |  6.4
Fighting       | 3 5 7 8 |  8.1
Hexes          | 5 6 |  6.6

Action                     |  1- 3 |  4- 6 |  7- 9 | 10-12 | 13-15 || total
---------------------------+-------+-------+-------+-------+-------++-------
  Melee: Unarmed           |    59 |    29 |    37 |    94 |    57 ||   276
         Bite              |     7 |       |     2 |    12 |     6 ||    27
         Punch             |       |       |     1 |     1 |     1 ||     3
   Cast: Summon Small Mamm |    22 |    99 |    65 |    23 |     4 ||   213
         Call Imp          |     9 |    34 |    46 |    13 |     1 ||   103
         Call Canine Famil |       |     3 |    65 |    89 |    67 ||   224
         Summon Blazeheart |       |       |     5 |    48 |    44 ||    97
         Summon Lightning  |       |       |       |    53 |    44 ||    97
         Vampiric Draining |       |       |       |     7 |    62 ||    69
         Searing Ray       |       |       |       |       |     7 ||     7
         Martyr's Knell    |       |       |       |       |     1 ||     1
  Evoke: Wand              |       |       |       |    23 |     9 ||    32
    Use: Scroll            |     3 |     7 |     9 |     8 |     5 ||    32
         Potion            |       |     1 |     1 |     3 |     3 ||     8
   Stab: Sleeping          |     3 |       |     1 |     1 |     2 ||     7
         Distracted        |       |     1 |     4 |       |       ||     5
 Armour: Skin              |    23 |    30 |    53 |    89 |   105 ||   300
  Dodge: Dodged            |    70 |    57 |    71 |   182 |   284 ||   664

Illustrated notes

Table legend:
 A = Kills in this place as a percentage of kills in the entire game.
 B = Kills by you in this place as a percentage of kills by you in the entire game.
 C = Kills by friends in this place as a percentage of kills by friends in the entire game.
 D = Other kills in this place as a percentage of other kills in the entire game.
 E = Experience gained in this place as a percentage of experience gained in the entire game.
 F = Experience gained in this place divided by the number of levels of this place that you have seen.
                   A       B       C       D       E      F
               +-------+-------+-------+-------+-------+----------------------
         Total | 100.0 | 100.0 | 100.0 |   N/A | 100.0 | 4191.9
       Dungeon |  56.5 |  39.4 |  62.3 |   N/A |  30.6 | 1982.7
          Lair |  43.5 |  60.6 |  37.7 |   N/A |  69.4 | 9890.4
               +-------+-------+-------+-------+-------+----------------------

Table legend: (Time is in decaauts)
 A = Elapsed time spent in this place.
 B = Non-inter-level travel time spent in this place.
 C = Inter-level travel time spent in this place.
 D = Time resting spent in this place.
 E = Time spent auto-exploring this place.
 F = Levels seen in this place.
 G = Mean time per level.
                   A        B        C        D        E       F      G
               +--------+--------+--------+--------+--------+-----+--------+
         Total |  31893 |  30566 |   1327 |  15701 |   9176 |  17 | 1876.1 |
       Dungeon |  18593 |  17791 |    802 |   7728 |   6860 |  11 | 1690.3 |
        Temple |     62 |      8 |     54 |      0 |      0 |   1 |   62.0 |
          Lair |  13237 |  12766 |    471 |   7973 |   2315 |   5 | 2647.4 |
               +--------+--------+--------+--------+--------+-----+--------+

Top non-repeatable levels by time:
  Lair:3: 3597 daAuts
  Lair:2: 3406 daAuts
     D:6: 3119 daAuts
  Lair:1: 2819 daAuts
     D:3: 2696 daAuts
     D:4: 2387 daAuts
    D:10: 2152 daAuts
     D:5: 2086 daAuts
  Lair:4: 1770 daAuts
  Lair:5: 1643 daAuts
     D:7: 1275 daAuts
     D:1: 1237 daAuts
     D:2: 1080 daAuts
     D:8: 1039 daAuts
    D:11: 776 daAuts
